 Dungeon Crawl Stone Soup version 0.27-a0-1200-g94dc6ad4cf (webtiles) character file.

Game seed: 4712815749841819547

562 mordus the Frost Mage (level 7, -1/50 HPs)
             Began as a White Draconian Ice Elementalist on May 28, 2021.
             Was a Follower of the Shining One.
             Slain by an elf zombie (2 damage)
             ... in an ossuary on June 1, 2021.
             The game lasted 00:16:48 (5477 turns).

mordus the Frost Mage (DrIE)                        Turns: 5477, Time: 00:16:49

Health: -1/50      AC:  7    Str:  9 (11) XL:     7   Next: 10%
Magic:  14/14      EV: 12    Int: 15 (17) God:    the Shining One [*.....]
Gold:   260        SH:  0    Dex: 10 (11) Spells: 9/16 levels left

rFire    + . .     SeeInvis .   j - +0 dagger
rCold    + + .     Faith    .   (no shield)
rNeg     + . .     Spirit   .   (armour unavailable)
rPois    .         Reflect  .   (helmet restricted)
rElec    .         Harm     .   k - scarf {rC+ rF+}
rCorr    .         Rampage  .   x - +0 pair of gloves
Will     .....                  (no boots)
Stlth    +.........             q - amulet of the acrobat
HPRegen  0.16/turn              i - ring of wizardry
MPRegen  0.14/turn              m - ring of positive energy

@: attractive, glowing
A: breathe frost, AC +6, unfitting armour, cold resistance 1, cold-blooded,
stinger 1, talons 1
a: Breathe Frost, Renounce Religion


You were in an ossuary.
You worshipped the Shining One.
The Shining One was aware of your devotion.
You visited 1 branch of the dungeon, and saw 5 of its levels.
You also visited: Ossuary.

You collected 260 gold pieces.

Inventory:

Hand Weapons
 j - a +0 dagger (weapon)
Missiles
 g - 8 atropa-tipped darts
Armour
 k - a scarf of resistance (worn)
 l - a +0 cloak
 x - a +0 pair of gloves (worn)
Jewellery
 i - a ring of wizardry (left hand)
 m - a ring of positive energy (right hand)
 q - an amulet of the acrobat (around neck)
Wands
 r - a wand of digging (7)
Scrolls
 b - 3 scrolls of amnesia {unknown}
 e - 5 scrolls of teleportation
 f - a scroll of noise {unknown}
 p - 3 scrolls of identify {unknown}
 s - a scroll of silence {unknown}
 u - a scroll of summoning {unknown}
 v - a scroll of blinking {unknown}
Potions
 a - a potion of haste
 c - 3 potions of degeneration
 d - 2 potions of curing
 h - a potion of mutation
 t - a potion of attraction


   Skills:
 - Level 1.7 Dodging
 - Level 1.7 Stealth
 + Level 5.2 Spellcasting
 + Level 8.1 Ice Magic


You had 9 spell levels left.
You knew the following spells:

 Your Spells              Type           Power      Damage    Failure   Level
a - Freeze                Ice            100%       1d11      1%          1
b - Frozen Ramparts       Ice            56%        1d7       1%          3
c - Ozocubu's Armour      Ice            28%        N/A       1%          3

Your spell library contained the following spells:

 Spells                   Type           Power      Damage    Failure   Level
 Hailstorm                Conj/Ice       16%        3d6       12%         4
 Metabolic Englaciation   Hex/Ice        8%         N/A       32%         5


Dungeon Overview and Level Annotations

Branches:
Dungeon (5/15)            Ossuary (1/1)
 Temple: D:4-7

Altars:
Sif Muna
Trog
Uskayaw
The Shining One

Shops:
D:2 *

Annotations:
D:4 2 transporters, oc3rt's ghost, weakling TeCj


Innate Abilities, Weirdness & Mutations

You can breathe waves of freezing cold which knock back foes.
Your icy white scales are hard. (AC +6)
You cannot fit into any form of body armour.
Your flesh is cold resistant. (rC+)
You are cold-blooded and may be slowed by cold attacks.
Your tail ends in a poisonous barb.
You have sharp toenails.


Message History

You feel a little less mighty now. The adder zombie misses you.
The goblin zombie hits you but does no damage.
The jackal zombie bites you but does no damage.
The kobold zombie hits you but does no damage.
The elf zombie hits you but does no damage.
It was a potion of attraction.
You feel attractive to monsters. The human zombie barely misses you.
The adder zombie barely misses you.
The jackal zombie bites you but does no damage.
The goblin zombie closely misses you.
It was a potion of magic.
Magic courses through your body.
You have got your breath back.
The kobold zombie closely misses you. The adder zombie misses you.
The elf zombie hits you but does no damage.
The jackal zombie misses you. The human zombie hits you.
* * * LOW HITPOINT WARNING * * *
Unknown command.
Okay, then.
You hit the human zombie but do no damage.
You tail-slap the human zombie, but do no damage.
The human zombie is moderately damaged.
The jackal zombie bites you but does no damage.
The adder zombie bites you but does no damage.
The goblin zombie closely misses you.
The kobold zombie hits you but does no damage.
The elf zombie hits you.
* * * LOW HITPOINT WARNING * * *
The human zombie hits you.
* * * LOW HITPOINT WARNING * * *
The adder zombie closely misses you.
The kobold zombie hits you but does no damage.
The jackal zombie completely misses you.
The human zombie closely misses you. The elf zombie is pulled toward you!
There is a gate leading back out of this place here.
The adder zombie misses you.
The jackal zombie bites you but does no damage.
The kobold zombie hits you but does no damage.
The elf zombie hits you.
You die...

...............
...............
...............
...............
...............
...............
......ZZ.......
......ZZZ......
......Z@Z......
......Z........
...............
...............
...............
...............
...............
.....#####.....


You could see an adder zombie, a jackal zombie, a goblin zombie, a hobgoblin
zombie, a kobold zombie, 2 elf zombies and a human zombie.

Vanquished Creatures
  A centaur (D:5)
  2 scorpions
  A human zombie (D:5)
  An orc priest (D:4)
  A hound (D:5)
  An iguana (D:1)
  Terence (D:2)
  Robin (D:2)
  6 adders
  4 gnolls (D:4)
  An adder zombie (Ossuary)
  A worm zombie (D:5)
  A worm (D:4)
  2 dart slugs
  6 orcs
  11 ball pythons
  An endoplasm (D:1)
  12 giant cockroaches
  2 gnoll zombies (Ossuary)
  15 goblins
  11 hobgoblins
  7 jackals (D:4)
  2 quokkas (D:2)
  5 bats
  2 frilled lizards
  4 kobolds
  An orc zombie (Ossuary)
  4 rats
107 creatures vanquished.

Vanquished Creatures (others)
  A plant (D:5)
1 creature vanquished.

Grand Total: 108 creatures vanquished

Notes
Turn   | Place    | Note
-------+----------+-------------------------------------------
     0 | D:1      | mordus the Draconian Ice Elementalist began the quest for
                  | the Orb.
     0 | D:1      | Reached XP level 1. HP: 14/14 MP: 3/3
   595 | D:1      | Reached XP level 2. HP: 20/20 MP: 1/5
   811 | D:1      | Reached XP level 3. HP: 4/26 MP: 0/7
   817 | D:1      | Learned a level 3 spell: Frozen Ramparts
   821 | D:1      | Learned a level 3 spell: Ozocubu's Armour
  1129 | D:2      | Noticed Robin
  1144 | D:2      | Killed Robin
  1216 | D:2      | Reached XP level 4. HP: 22/33 MP: 8/8
  1347 | D:2      | Noticed Terence
  1448 | D:2      | Killed Terence
  1449 | D:2      | Reached skill level 5 in Ice Magic
  1867 | D:2      | Found Honuefitt's General Store.
  2056 | D:3      | Found a shimmering blue altar of Sif Muna.
  2196 | D:3      | Reached XP level 5. HP: 38/38 MP: 7/10
  2282 | D:3      | Noticed a +0 dagger
  2283 | D:3      | Noticed a +0 hand axe
  2285 | D:3      | Found a hide-covered altar of Uskayaw.
  2500 | D:3      | Found a bloodstained altar of Trog.
  3064 | D:4      | Found a transporter.
  3073 | D:4      | Noticed oc3rt's ghost (weakling TeCj)
  3074 | D:4      | Found a transporter.
  3075 | D:4      | Noticed an ogre
  3077 | D:4      | Identified the +1 great mace of Vurrez {drain, Int+4}
  3077 | D:4      | Noticed an ogre
  3271 | D:4      | Found a glowing golden altar of the Shining One.
  3303 | D:4      | Became a worshipper of the Shining One
  3388 | D:4      | Reached XP level 6. HP: 36/45 MP: 8/12
  3527 | D:4      | Reached skill level 6 in Ice Magic
  4714 | D:5      | Entered Level 5 of the Dungeon
  4767 | D:4      | HP: 1/45 [phantom (4)]
  5120 | D:4      | Upgraded the game from 0.27-a0-1196-g3e9cee4cb2 to
                  | 0.27-a0-1200-g94dc6ad4cf
  5347 | D:5      | Found a sand-covered staircase.
  5389 | D:5      | Reached skill level 5 in Spellcasting
  5410 | D:5      | Your scales start taking on an icy white colour.
  5410 | D:5      | Reached skill level 8 in Ice Magic
  5410 | D:5      | Reached XP level 7. HP: 25/50 MP: 8/14
  5410 | D:5      | Gained mutation: Your flesh is cold resistant. (rC+) [White
                  | Draconian growth]
  5428 | Ossuary  | Entered an ossuary
  5428 | Ossuary  | Reached * piety under the Shining One
  5462 | Ossuary  | Gained mutation: You have sharp toenails. [potion of
                  | mutation]
  5462 | Ossuary  | Gained mutation: Your tail ends in a poisonous barb.
                  | [potion of mutation]
  5475 | Ossuary  | HP: 2/50 [elf zombie (4)]
  5477 | Ossuary  | Slain by an elf zombie

Illustrated notes

Levels and vault maps discovered:
D:1:      minmay_arrival_stone_box, layout_basic, minivault_14
D:2:      layout_basic, serial_shops, shop, patterned_corridor, uniq_robin,
          uniq_terence
D:3:      minmay_roachtagon, layout_loops_corners, dancing_weapons_uskayaw,
          lemuel_round_altar, nicolae_overflow_crystal_walls
D:4:      layout_basic, tso_metal_star, gammafunk_ghost_smash,
          kennysheep_generic_room_12
D:5:      layout_loops_ring, nemelex_spade_bored_becter,
          gammafunk_temple_overflow_pools, minmay_temple_entry_fiery,
          enter_ossuary_3, serial_bayou_pond_e, kennysheep_another_room
Ossuary:  ossuary_minmay_tomb_2a

Skill      XL: |  1  2  3  4  5  6 |
---------------+-------------------+-----
Spellcasting   | 3 4 5 |  5.2
Ice Magic      | 5 8 |  8.1
Dodging        | |  1.7
Stealth        | |  1.7

Action                   |  1- 3 |  4- 6 |  7- 9 || total
-------------------------+-------+-------+-------++-------
Melee: Dagger            |    83 |   258 |    33 ||   374
       Tailslap          |     6 |    19 |     8 ||    33
       Kick              |       |       |     1 ||     1
 Cast: Freeze            |    23 |     8 |       ||    31
       Frozen Ramparts   |     1 |    17 |       ||    18
       Ozocubu's Armour  |       |     5 |     1 ||     6
 Abil: Breathe Frost     |       |       |     1 ||     1
  Use: Scroll            |       |     1 |       ||     1
       Potion            |       |       |     8 ||     8
 Stab: Sleeping          |       |     2 |       ||     2
Armor: Skin              |    23 |    89 |   109 ||   221
Dodge: Dodged            |    54 |   201 |   124 ||   379

Table legend: (Time is in decaauts)
 A = Elapsed time spent in this place.
 B = Non-inter-level travel time spent in this place.
 C = Inter-level travel time spent in this place.
 D = Time resting spent in this place.
 E = Time spent auto-exploring this place.
 F = Levels seen in this place.
 G = Mean time per level.
                   A        B        C        D        E       F      G
               +--------+--------+--------+--------+--------+-----+--------+
         Total |   5471 |   5408 |     63 |   1347 |   2825 |   6 |  911.8 |
       Dungeon |   5426 |   5363 |     63 |   1347 |   2825 |   5 | 1085.2 |
       Ossuary |     44 |     44 |      0 |      0 |      0 |   1 |   44.0 |
               +--------+--------+--------+--------+--------+-----+--------+

Top non-repeatable levels by time:
     D:4: 2231 daAuts
     D:1: 1063 daAuts
     D:2: 949 daAuts
     D:3: 864 daAuts
     D:5: 317 daAuts
 Ossuary: 44 daAuts
